 Dungeon Crawl Stone Soup version 0.22-a0-136-g83a10e5 (webtiles) character file.

120 Lathuz the Magician (level 4, -2/24 HPs)
             Began as a Deep Elf Fire Elementalist on Feb 2, 2018.
             Killed from afar by Lathuz's ghost (7 damage)
             ... with a blast of sand
             ... on level 3 of the Dungeon.
             The game lasted 00:06:08 (3486 turns).

Lathuz the Magician (Deep Elf Fire Elementalist)    Turns: 3486, Time: 00:06:10

Health: -2/24      AC:  2    Str:  5    XL:     4   Next: 75%
Magic:  4/12       EV: 13    Int: 21    God:
Gold:   139        SH:  0    Dex: 15    Spells: 1/11 levels left

rFire    . . .     SeeInvis .   e - +1 short sword (speed)
rCold    . . .     Gourm    .   (no shield)
rNeg     . . .     Faith    .   a - +0 robe
rPois    .         Spirit   .   (no helmet)
rElec    .         Reflect  .   (no cloak)
rCorr    .         Harm     .   (no gloves)
MR       .....                  (no boots)
Stlth    ++........             (no amulet)
HPRegen  0.08/turn              (no ring)
MPRegen  0.13/turn              (no ring)

@: no status effects
A: no striking features
a: no special abilities


You were on level 3 of the Dungeon.
You were not hungry.

You visited 1 branch of the dungeon, and saw 4 of its levels.

You collected 139 gold pieces.

Inventory:

Hand Weapons
 e - a +1 short sword of speed (weapon)
Missiles
 d - 87 stones (quivered)
Armour
 a - a +0 robe (worn)
Scrolls
 f - a scroll of fear {unknown}
 g - 4 scrolls of identify {unknown}
 j - a scroll of magic mapping {unknown}
 k - a scroll of teleportation {unknown}
 n - a scroll of remove curse {unknown}
Potions
 h - 2 potions of agility {unknown}
 i - 2 potions of curing {unknown}
 l - a potion of ambrosia {unknown}
 m - a potion of might {unknown}
 o - 2 potions of heal wounds {unknown}
Books
 b - a book of Flames

   Spells                             Type                      Level
   a - Flame Tongue                   Conjuration/Fire             1
   b - Throw Flame                    Conjuration/Fire             2
   c - Conjure Flame                  Conjuration/Fire             3
   d - Inner Flame                    Hexes/Fire                   3
   e - Sticky Flame                   Conjuration/Fire             4
   f - Fireball                       Conjuration/Fire             5
Comestibles
 c - 4 rations


   Skills:
 - Level 2.4 Dodging
 - Level 2.4 Stealth
 + Level 4.3 Spellcasting
 * Level 3.6 Conjurations
 + Level 4.1 Fire Magic


You had one spell level left.
You knew the following spells:

 Your Spells              Type           Power        Failure   Level  Hunger
a - Flame Tongue          Conj/Fire      ###..        2%          1    None
b - Throw Flame           Conj/Fire      ###...       3%          2    #......
c - Conjure Flame         Conj/Fire      ###.....     7%          3    ##.....
d - Sticky Flame          Conj/Fire      ###.....     24%         4    ####...


Dungeon Overview and Level Annotations

Branches:
Dungeon (4/15)
 Temple: D:4-7

Altars:
Ashenzari
Elyvilon
Makhleb
Xom

Annotations:
D:3 Lathuz's ghost, amateur GrEE


Message History

Lathuz's ghost completely misses you.
Casting: Flame Tongue (safe; 2% risk of failure)
Confirm with . or Enter, or press ? or * to list all spells.
Aiming: Flame Tongue (safe; 2% risk of failure)
Press: ? - help, Shift-Dir - straight line, f/p - Lathuz's ghost
Aim: Lathuz's ghost, wielding a weapon of protection (severely damaged)
The flame tongue misses Lathuz's ghost.
Lathuz's ghost points at you and mumbles some strange words.
The blast of sand hits you!
* * * LOW HITPOINT WARNING * * *
Casting: Flame Tongue (safe; 2% risk of failure)
Confirm with . or Enter, or press ? or * to list all spells.
Aiming: Flame Tongue (safe; 2% risk of failure)
Press: ? - help, Shift-Dir - straight line, f/p - Lathuz's ghost
Aim: Lathuz's ghost, wielding a weapon of protection (severely damaged)
The flame tongue hits Lathuz's ghost.
Lathuz's ghost is almost destroyed.
Lathuz's ghost gestures at you while chanting.
The blast of sand hits you!
You die...

.. ######## .#
#......# .#
##......####..# ###
#...8.........# ....
#......######.#.....
#.......@.###.......
#.......W....#
#..#####..##.# #..#
#.....)# #..#
#......#
#########..#
#......#
...........#
#.......#
##########.#
#......... #.#
#.##.......


You could see Lathuz's ghost.

Vanquished Creatures
  2 worker ant zombies (D:3)
  2 adders
  2 adder zombies (D:3)
  2 worms
  3 leopard geckos
  5 orcs (D:3)
  9 goblins
  7 hobgoblins
  4 jackals (D:3)
  9 kobolds
  A quokka (D:3)
  5 bats
  3 frilled lizards (D:3)
  6 rats
60 creatures vanquished.

Notes
Turn   | Place    | Note
-------+----------+-------------------------------------------
     0 | D:1      | Lathuz the Deep Elf Fire Elementalist began the quest for the Orb.
     0 | D:1      | Reached XP level 1. HP: 10/10 MP: 6/6
   234 | D:1      | Reached XP level 2. HP: 15/15 MP: 6/8
   314 | D:1      | Learned a level 2 spell: Throw Flame
  1084 | D:2      | Reached XP level 3. HP: 19/19 MP: 3/10
  1229 | D:2      | Learned a level 3 spell: Conjure Flame
  1239 | D:2      | Found a burning altar of Makhleb.
  1239 | D:2      | Found a shattered altar of Ashenzari.
  1254 | D:2      | Found a shimmering altar of Xom.
  1815 | D:3      | Found a white marble altar of Elyvilon.
  1998 | D:3      | Reached XP level 4. HP: 24/24 MP: 5/11
  2101 | D:3      | Learned a level 4 spell: Sticky Flame
  2792 | D:3      | Noticed Lathuz's ghost (amateur GrEE)
  3486 | D:3      | Killed from afar by Lathuz's ghost

Vault maps used:
D:1:      scummos_arrival_gate, minmay_pentomino_p2
D:2:      lemuel_crystal_altar, gammafunk_temple_overflow_elements
D:3:      grunt_temple_overflow_opulence,
          nicolae_dithmenos_through_a_glass_darkly, lemuel_crystal_altar,
          serial_undead, serial_undead_d, serial_undead_f, serial_undead_a,
          serial_undead_d, minivault_4, kennysheep_generic_room_13
D:4:      kennysheep_mini, nicolae_qazlal_eye_of_the_storm, first_ration

Skill      XL: |  1  2  3  4 |
---------------+-------------+-----
Conjurations   | 2 3 |  3.6
Spellcasting   | 4 |  4.3
Fire Magic     | 4 |  4.1
Dodging        | |  2.4
Stealth        | |  2.4

Action                   |  1- 3 |  4- 6 || total
-------------------------+-------+-------++-------
Melee: Short sword       |       |     9 ||     9
Throw: Stone             |     7 |       ||     7
 Cast: Flame Tongue      |    33 |    22 ||    55
       Throw Flame       |    27 |    24 ||    51
       Sticky Flame      |       |    10 ||    10
  Eat: Chunk             |     4 |     3 ||     7
       Ration            |       |     1 ||     1
Armor: Robe              |       |     1 ||     1
Dodge: Dodged            |     4 |    12 ||    16

Table legend:
 A = Spawn XP
 B = Non-spawn XP
 C = Spawn XP percentage of total XP
 D = Spawn monster count
 E = Non-spawn monster count
 F = Spawn count percentage of total count
 G = Total turns spent on level
                    A         B        C        D         E        F      G
               +---------+---------+-------+---------+---------+-------+---------
         Total |       0 |     172 |   0.0 |       0 |      60 |   0.0 |  3486
               +---------+---------+-------+---------+---------+-------+---------
           D:1 |       0 |      37 |   0.0 |       0 |      22 |   0.0 |   969
           D:2 |       0 |      29 |   0.0 |       0 |       9 |   0.0 |   786
           D:3 |       0 |     106 |   0.0 |       0 |      29 |   0.0 |  1069
               +---------+---------+-------+---------+---------+-------+---------
